 Dungeon Crawl Stone Soup version 0.26-a0-613-g4f23886233 (webtiles) character file.

Game seed: 8669083042766528555

29 Descartes the Grasshopper (level 3, -1/32 HPs)
             Began as a Naga Warper on Sept 11, 2020.
             Slain by a gnoll
             ... wielding a +0 flail
              (14 damage)
             ... on level 1 of the Dungeon.
             The game lasted 00:02:11 (1231 turns).

Descartes the Grasshopper (Naga Warper)             Turns: 1231, Time: 00:02:11

Health: -1/32      AC:  2    Str: 13    XL:     3   Next: 16%
Magic:  6/6        EV:  9    Int: 13    God:
Gold:   68         SH:  0    Dex: 11    Spells: 7/7 levels left

rFire    . . .     SeeInvis +   a - +0 falchion
rCold    . . .     Faith    .   (no shield)
rNeg     . . .     Spirit   .   b - +0 leather armour
rPois    +         Reflect  .   (no helmet)
rElec    .         Harm     .   (no cloak)
rCorr    .                      (no gloves)
MR       .....                  (no barding)
Stlth    +.........             (no amulet)
HPRegen  0.10/turn              (no ring)
MPRegen  0.10/turn              (no ring)

@: very slow
A: large, see invisible, deformed body, poison resistance, slowness 2, spit
poison 1, AC +1
a: Spit Poison


You were on level 1 of the Dungeon.
You visited 1 branch of the dungeon, and saw 2 of its levels.

You collected 68 gold pieces.

Inventory:

Hand Weapons
 a - a +0 falchion (weapon)
Missiles
 c - 62 arrows
 e - 5 boomerangs of dispersal (quivered)
 g - 20 bolts
 i - 54 stones
 q - 4 curare-tipped darts
Armour
 b - a +0 leather armour (worn)
Jewellery
 f - a +4 ring of evasion {unknown}
Scrolls
 d - a scroll of blinking
 h - a scroll of immolation {unknown}
 k - a scroll of enchant armour {unknown}
 l - a scroll of identify {unknown}
 m - a scroll of fog {unknown}
 n - a scroll of fear {unknown}
 r - a scroll of magic mapping {unknown}
 s - a scroll of amnesia {unknown}
Potions
 j - a potion of haste {unknown}
 o - a potion of degeneration {unknown}
 p - a potion of stabbing {unknown}


   Skills:
 - Level 2.0 Fighting
 - Level 2.0 Long Blades
 + Level 1.6 Throwing
 + Level 1.4 Armour
 - Level 1.5 Dodging
 + Level 2.5 Spellcasting
   Level 3.0 Translocations


You had 7 spell levels left.
You didn't know any spells.
Your spell library contained the following spells:

 Spells                   Type           Power        Failure   Level
 Blink                    Tloc           N/A          14%         2
 Gell's Gravitas          Tloc           #.........   26%         3
 Lesser Beckoning         Tloc           #.........   26%         3
 Teleport Other           Tloc           #.......     26%         3
 Passage of Golubria      Tloc           N/A          65%         4


Dungeon Overview and Level Annotations

Branches:
Dungeon (2/15)

Altars:


Innate Abilities, Weirdness & Mutations

You cannot wear boots.
Your serpentine skin is tough. (AC +1)
You have supernaturally acute eyesight. (SInv)
Armour fits poorly on your strangely shaped body.
Your system is resistant to poisons. (rPois)
You cover ground very slowly.
You can spit poison.


Message History

The gnoll closely misses you.
A hobgoblin comes into view. It is wielding a -3 club.
Found a stone staircase leading up.
There is a stone staircase leading up here.
The gnoll hits you from afar with a +0 spear.
You climb upwards.
There is a stone staircase leading down here.
You hit the gnoll.
The gnoll is moderately wounded.
The gnoll hits you with a +0 flail.
You hit the gnoll.
The gnoll is heavily wounded.
The gnoll hits you with a +0 flail!
You are too injured to fight recklessly!
You are too injured to fight recklessly!
You are too injured to fight recklessly!
You closely miss the gnoll.
The gnoll is heavily wounded.
The gnoll hits you with a +0 flail!
You die...

..........##≈≈≈≈≈≈≈≈≈≈...#.)###.#
.#........#≈≈≈≈≈≈≈≈≈≈≈≈#....#.#.#
.#........≈≈≈≈≈≈≈≈≈≈≈≈≈≈#.....#.#
.###....#≈≈≈8≈≈≈≈≈≈≈≈8≈≈≈..##.#..
.# #.....≈≈≈≈≈≈≈≈≈≈≈≈≈≈≈≈........
.# #.....≈≈≈≈...≈≈≈≈≈≈≈≈≈..#.####
.# #....#.≈≈.≈≈≈.≈≈≈≈≈≈≈≈..#.....
.# ######≈..≈≈≈≈g<≈≈≈≈≈≈≈..#..##.
.# #≈≈≈≈≈≈≈@.≈≈≈≈..≈..#...#. .#
#≈≈≈≈≈≈≈≈.≈≈≈.≈≈...[...#. ##
#≈≈≈≈≈≈≈≈≈...≈≈≈≈..###.#.
#≈≈≈≈≈≈≈≈≈≈≈≈≈≈≈≈..# #...
#≈≈≈8≈≈≈≈≈≈≈≈8≈≈≈.#######
##≈≈≈≈≈≈≈≈≈≈≈≈≈≈..# #....
##≈≈≈≈≈≈≈≈≈≈≈≈...# #.###
##≈≈≈≈≈≈≈≈≈≈#..## #.#..
###.########..# #.#..


You could see a gnoll.

Vanquished Creatures
  4 dart slugs (D:1)
  A leopard gecko (D:1)
  A bat (D:1)
  A giant cockroach (D:2)
  3 goblins (D:1)
  2 hobgoblins (D:1)
  2 jackals (D:2)
  A kobold (D:1)
  4 rats (D:1)
19 creatures vanquished.

Notes
Turn   | Place    | Note
-------+----------+-------------------------------------------
     0 | D:1      | Descartes the Naga Warper began the quest for the Orb.
     0 | D:1      | Reached XP level 1. HP: 19/19 MP: 3/3
    98 | D:1      | Reached skill level 1 in Throwing
   180 | D:1      | Reached skill level 1 in Armour
   210 | D:1      | Reached XP level 2. HP: 20/26 MP: 5/5
   800 | D:1      | Reached XP level 3. HP: 32/32 MP: 6/6
  1231 | D:1      | Slain by a gnoll

Illustrated notes

Levels and vault maps discovered:
D:1:      nzn_arrival_water_spiral, layout_basic, minmay_tiny_reverse_x
D:2:      minmay_roachtagon, layout_rooms

Skill      XL: |  1 |
---------------+----+-----
Throwing       | 1 |  1.6
Armour         | 1 |  1.4
Fighting       | |  2.0
Long Blades    | |  2.0
Dodging        | |  1.5
Spellcasting   | |  2.5
Translocations | |  3.0

Action                   || total
-------------------------++-------
Melee: Falchion          ||    60
Armor: Leather armour    ||    13
Dodge: Dodged            ||    38
       Rpst.: Falchion   ||    13

Table legend: (Time is in decaauts)
 A = Elapsed time spent in this place.
 B = Non-inter-level travel time spent in this place.
 C = Inter-level travel time spent in this place.
 D = Time resting spent in this place.
 E = Time spent auto-exploring this place.
 F = Levels seen in this place.
 G = Mean time per level.
                   A        B        C        D        E       F      G
               +--------+--------+--------+--------+--------+-----+--------+
         Total |   1543 |   1520 |     23 |      0 |   1372 |   2 |  771.5 |
       Dungeon |   1543 |   1520 |     23 |      0 |   1372 |   2 |  771.5 |
               +--------+--------+--------+--------+--------+-----+--------+

Top non-repeatable levels by time:
     D:1: 1248 daAuts
     D:2: 295 daAuts
